 Dungeon Crawl Stone Soup version 0.30-a0-634-g8abc85282e (webtiles) character file.

Game seed: 12995474422200288759

113 Persephone the Shooter (level 4, -11/37 HPs)
             Began as a Demigod Hunter on Jan 14, 2023.
             Killed from afar by Natasha (12 damage)
             ... with a bolt of dispelling energy
             ... on level 3 of the Dungeon.
             The game lasted 00:04:36 (1594 turns).

Persephone the Shooter (Demigod Hunter)             Turns: 1594, Time: 00:04:37

Health: -11/37     AC:  4    Str: 12    XL:     4   Next: 39%
Magic:  6/6        EV: 12    Int: 11    God:
Gold:   119        SH:  0    Dex: 21    Spells: 3/3 levels left

rFire   . . .      SeeInvis .    a - +0 shortbow
rCold   . . .      Faith    .    (shield currently unavailable)
rNeg    . . .      Spirit   .    c - +1 leather armour
rPois   +          Reflect  .    (no helmet)
rElec   .          Harm     .    (no cloak)
rCorr   +          Rampage  .    (no gloves)
Will    .....                    (no boots)
Stlth   ++                       (no amulet)
HPRegen 0.26/turn                k - ring of poison resistance
MPRegen 0.10/turn                i - ring of resist corrosion

@: no status effects
A: high MP 1, forlorn, divine attributes
a: no special abilities


You were on level 3 of the Dungeon.
You visited 1 branch of the dungeon, and saw 3 of its levels.

You collected 119 gold pieces.

Inventory:

Hand Weapons
 a - a +0 shortbow (weapon)
Armour
 c - a +1 leather armour (worn)
Jewellery
 i - a ring of resist corrosion (right hand)
 k - a ring of poison resistance (left hand)
Scrolls
 b - 2 scrolls of immolation
 h - 2 scrolls of identify
 l - 2 scrolls of blinking
Potions
 d - a potion of haste
 e - a potion of curing
 g - a potion of heal wounds {unknown}
 j - 2 potions of berserk rage {unknown}


   Skills:
 - Level 2.4 Fighting
 + Level 4.8 Ranged Weapons
 - Level 2.3 Dodging
 - Level 1.7 Stealth


You had 3 spell levels left.
You didn't know any spells.
Your spell library contained the following spells:

 Spells                   Type           Power      Damage    Failure   Level
 Shock                    Conj/Air       0%         1d3       41%         1
 Call Canine Familiar     Summ           0%         N/A       80%         3
 Portal Projectile        Hex/Tloc       0%         N/A       80%         3
 Swiftness                Air            0%         N/A       80%         3
 Airstrike                Air            0%         2d(0-16)  99%         4
 Leda's Liquefaction      Hex/Erth       0%         N/A       99%         4


Dungeon Overview and Level Annotations

Branches:
Dungeon (3/15)

Annotations:
D:3 Natasha


Innate Abilities, Weirdness & Mutations

You have an increased reservoir of magic. (+10% MP)
You shall have no god before yourself.
Your divine heritage dramatically boosts your attributes as you level up.


Message History

The orc hits you with a +0 club. The hobgoblin closely misses you.
The crimson imp hits you but does no damage.
Fire: a) +0 shortbow
Press: ? - help, Shift-Dir - straight line, f/p - hobgoblin
Aim: a hobgoblin (almost dead, 65% to hit)
You shoot an arrow. The arrow hits the hobgoblin!
You kill the hobgoblin!
The orc barely misses you.
The crimson imp hits you but does no damage.
The orc hits you but does no damage. Something claws you but does no damage.
Fire: a) +0 shortbow
Press: ? - help, Shift-Dir - straight line, f - crimson imp
Aim: a crimson imp (summoned, 53% to hit)
You shoot an arrow. The arrow hits the crimson imp!
The crimson imp is almost dead.
The crimson imp hits you but does no damage.
Something claws you. The orc hits you with a +0 club. The crimson imp hits you.
Fire: a) +0 shortbow
Press: ? - help, Shift-Dir - straight line, f/p - crimson imp
Aim: a crimson imp (severely wounded, summoned, 53% to hit)
You shoot an arrow.
The arrow closely misses the crimson imp.
You hear a zap.
A bolt of dispelling energy appears from out of thin air!
The bolt of dispelling energy hits you!!
* * * LOW HITPOINT WARNING * * *
The orc completely misses you. The crimson imp closely misses you.
Fire: a) +0 shortbow
Press: ? - help, Shift-Dir - straight line, f/p - crimson imp
Aim: a crimson imp (severely wounded, summoned, 53% to hit)
You shoot an arrow.
The arrow closely misses the crimson imp.
You hear some strange, mumbled words.
The orc hits you with a +0 club.
* * * LOW HITPOINT WARNING * * *
The crimson imp completely misses you. The orc barely misses you.
You hear a zap.
A bolt of dispelling energy appears from out of thin air!
The bolt of dispelling energy hits you!
You die...

#...# ##+## #.
#####.##### #.
#.........# #.
#.###.###.#
#.###.# #.#...#
#...#.# ###...#
##{@#
.)..)oo5.......
##.####5######.
#.. ##. .. ♣♣


You could see 2 crimson imps and 2 orcs.

Vanquished Creatures
  An orc priest (D:3)
  An adder (D:2)
  3 worms (D:2)
  2 orcs (D:3)
  3 ball pythons
  4 bats
  3 endoplasms (D:2)
  3 giant cockroaches (D:1)
  5 goblins
  5 hobgoblins
  6 jackals
  9 kobolds
  A quokka (D:1)
  A frilled lizard (D:3)
  10 rats
57 creatures vanquished.

Notes
Turn   | Place    | Note
-------+----------+-------------------------------------------
     0 | D:1      | Persephone the Demigod Hunter began the quest for the Orb.
     0 | D:1      | Reached XP level 1. HP: 17/17 MP: 3/3
    44 | D:1      | Reached skill level 1 in Stealth
   372 | D:1      | Reached XP level 2. HP: 24/24 MP: 4/4
   896 | D:2      | Reached XP level 3. HP: 26/29 MP: 5/5
  1040 | D:2      | Reached skill level 4 in Ranged Weapons
  1582 | D:3      | Reached XP level 4. HP: 37/37 MP: 6/6
  1584 | D:3      | Noticed Natasha
  1594 | D:3      | HP: 1/37 [orc/+0 club (2)]
  1594 | D:3      | Killed from afar by Natasha

Illustrated notes

Levels and vault maps discovered:
D:1:      dpeg_arrival_rooms_a, layout_basic, minmay_close_crescents
D:2:      layout_rooms
D:3:      layout_loops_corners, nrook_campfire, nicolae_kite_square_tiling_tiny,
          uniq_grinder, uniq_natasha

Skill      XL: |  1  2  3 |
---------------+----------+-----
Stealth        | 1 |  1.7
Fighting       | 2 |  2.4
Dodging        | 2 |  2.3
Ranged Weapons | 4 |  4.8

Action                   |  1- 3 |  4- 6 || total
-------------------------+-------+-------++-------
 Fire: Shortbow          |   135 |    13 ||   148
  Use: Scroll            |     6 |       ||     6
Armor: Leather armour    |    24 |     5 ||    29
Dodge: Dodged            |    50 |     8 ||    58

Table legend: (Time is in decaauts)
 A = Elapsed time spent in this place.
 B = Non-inter-level travel time spent in this place.
 C = Inter-level travel time spent in this place.
 D = Time resting spent in this place.
 E = Time spent auto-exploring this place.
 F = Levels seen in this place.
 G = Mean time per level.
                   A        B        C        D        E       F      G
               +--------+--------+--------+--------+--------+-----+--------+
         Total |   1642 |   1587 |     55 |      0 |   1289 |   3 |  547.3 |
       Dungeon |   1642 |   1587 |     55 |      0 |   1289 |   3 |  547.3 |
               +--------+--------+--------+--------+--------+-----+--------+

Top non-repeatable levels by time:
     D:1: 910 daAuts
     D:2: 456 daAuts
     D:3: 275 daAuts
